 Dungeon Crawl Stone Soup version 0.30.1-4-g462c640d31 (webtiles) character file.

Game seed: 8034821275192378806

28 hawla the Firebug (level 3, 0/26 HPs)
             Began as a Meteoran Fire Elementalist on Aug 15, 2023.
             Succumbed to an adder's poison
             ... on level 3 of the Dungeon.
             The game lasted 00:01:16 (249 turns).

hawla the Firebug (Meteoran Fire Elementalist)       Turns: 249, Time: 00:01:17

Health: 0/26       AC:  2    Str: 10    XL:     3   Next: 50%
Magic:  2/8        EV: 12    Int: 18    God:
Gold:   36         SH:  0    Dex: 14    Spells: 5/8 levels left

rFire   . . .        (no weapon)
rCold   . . .        (no shield)
rNeg    . . .        a - +0 robe
rPois   .            (no helmet)
rElec   .            (no cloak)
rCorr   .            (no gloves)
SInv    .            (no boots)
Will    .....        (no amulet)
Stlth   +            (no ring)
HPRegen 0.24/turn    (no ring)
MPRegen 0.11/turn

%: no passive effects
@: lethally poisoned (0 -> -3), flying, glowing
A: sense surroundings 1, otherworldly, glowing, explore regen
a: no special abilities


You were on level 3 of the Dungeon.
You visited 1 branch of the dungeon, and saw 3 of its levels.

You collected 36 gold pieces.

Inventory:

Armour
 a - a +0 robe (worn)
Scrolls
 c - a scroll of teleportation {unknown}
 e - 3 scrolls of fog {unknown}
Potions
 b - a potion of magic
 f - a potion of heal wounds {unknown}


   Skills:
 + Level 2.8 Dodging
 - Level 1.4 Stealth
 + Level 3.4 Spellcasting
 + Level 1.2 Conjurations
 + Level 4.3 Fire Magic


You had 5 spell levels left.
You knew the following spells:

 Your Spells              Type           Power      Damage    Failure   Level
a - Foxfire               Conj/Fire      52%        2x1d6     4%          1
b - Scorch                Fire           36%        2d7       4%          2

Your spell library contained the following spells:

 Spells                   Type           Power      Damage    Failure   Level
 Inner Flame              Hex/Fire       10%        N/A       19%         3
 Volatile Blastmotes      Fire/Tloc      20%        2d11      19%         3
 Flame Wave               Conj/Fire      13%        2d6       45%         4


Dungeon Overview and Level Annotations

Branches:
Dungeon (3/15) Zot: 1551

Altars:


Innate Abilities, Weirdness & Mutations

You passively map a small area around you.
You are easily found by Zot.
You glow in the dark.
You regain HP and MP as you explore.


Message History

You conjure some foxfire!
The foxfire hits the adder.
The adder is moderately wounded.
The foxfire hits the adder.
The adder is heavily wounded.
The adder bites you but does no damage. The shadow imp closely misses you.
Casting: Foxfire (safe; 5% risk of failure)
Confirm with . or Enter, or press ? or * to list all spells.
Flames lash the shadow imp.
The shadow imp is moderately wounded.
The shadow imp's fire resistance burns away.
The adder bites you.
You are poisoned.
The adder poisons you! The shadow imp misses you.
Casting: Scorch (safe; 4% risk of failure)
Confirm with . or Enter, or press ? or * to list all spells.
Flames lash the shadow imp.
The shadow imp is burned terribly!
You kill the shadow imp!
You feel sick. The adder bites you. The adder closely misses you.
The goblin unwields a +0 club.
The goblin wields a +0 sling.
The goblin shoots a sling bullet.
The sling bullet hits you.
* * * LOW HITPOINT WARNING * * *
Casting: Scorch (safe; 4% risk of failure)
Confirm with . or Enter, or press ? or * to list all spells.
You conjure some foxfire!
* * * LOW HITPOINT WARNING * * *
You feel sick. The adder closely misses you.
You hit the adder but do no damage.
The adder is heavily wounded.
* * * LOW HITPOINT WARNING * * *
You feel sick.
The foxfire hits the adder but does no damage.
The adder is heavily wounded.
The foxfire hits the goblin.
You kill the goblin!
The adder bites you.
* * * LOW HITPOINT WARNING * * *
It was a potion of flight.
You feel very buoyant.
You fly up into the air.
You die...

*
#...<......#
,
#...########
,
########...#
,
#..........#
, ,
.#####....# ,
,, #)#### * *
, , *#.# *,,
, , ,
*...#.##.###
, #.....S@..#
* ,
#.##.##.#.#**
** ,*# .)....
, , ,
,##.#.###, ~
#.#.# ** ~ ,
, ..# # * #..
, * ,* #.. *
, * *


You could see an adder.

Vanquished Creatures
  An adder (D:2)
  A shadow imp (D:3)
  A giant cockroach (D:2)
  2 goblins
  2 kobolds
  A quokka (D:1)
  A ball python (D:1)
  2 bats (D:2)
  A frilled lizard (D:2)
  A rat (D:1)
13 creatures vanquished.

Vanquished Creatures (others)
  14 foxfires
14 creatures vanquished.

Grand Total: 27 creatures vanquished

Notes
Turn   | Place    | Note
-------+----------+-------------------------------------------
     0 | D:1      | hawla the Meteoran Fire Elementalist began the quest for
                  | the Orb.
     0 | D:1      | Reached XP level 1. HP: 14/14 MP: 5/5
   111 | D:2      | Reached XP level 2. HP: 20/20 MP: 4/6
   114 | D:2      | Learned a level 2 spell: Scorch
   207 | D:2      | Reached skill level 4 in Fire Magic
   207 | D:2      | Reached XP level 3. HP: 23/26 MP: 1/8
   248 | D:3      | HP: 1/26 [adder (3)]
   249 | D:3      | Succumbed to an adder's poison

Illustrated notes

Levels and vault maps discovered:
D:1:      dpeg_arrival_shrine, layout_rooms, chequers_decorated_corner
D:2:      layout_basic, basic_altar
D:3:      layout_loops_cross, nicolae_qazlal_style_of_elements,
          ebering_ghost_sewer_f

Skill      XL: |  1  2 |
---------------+-------+-----
Spellcasting   | 3 |  3.4
Fire Magic     | 4 |  4.3
Dodging        | |  2.8
Stealth        | |  1.4
Conjurations   | |  1.2

Action                     || total
---------------------------++-------
  Melee: Unarmed           ||     3
   Cast: Foxfire           ||    11
         Scorch            ||     9
    Use: Potion            ||     1
 Armour: Robe              ||     4
  Dodge: Dodged            ||    11
